 Dungeon Crawl Stone Soup version 0.27-a0-346-ga689d4a613 (webtiles) character file.

Game seed: 5566658612535373590

84 jasper the Gusty (level 4, -1/36 HPs)
             Began as a Naga Air Elementalist on Feb 15, 2021.
             Slain by an adder (3 damage)
             ... on level 2 of the Dungeon.
             The game lasted 00:03:31 (2215 turns).

jasper the Gusty (Naga Air Elementalist)            Turns: 2215, Time: 00:03:31

Health: -1/36      AC:  2    Str:  8 (11) XL:     4   Next: 45%
Magic:  4/7        EV:  9    Int: 14 (16) God:
Gold:   71         SH:  0    Dex:  9 (11) Spells: 3/7 levels left

rFire    . . .     SeeInvis +   (no weapon)
rCold    . . .     Faith    .   (no shield)
rNeg     . . .     Spirit   .   a - +0 robe
rPois    +         Reflect  .   (helmet restricted)
rElec    .         Harm     .   (no cloak)
rCorr    .         Rampage  .   (no gloves)
Will     .....                  (no barding)
Stlth    ++........             (no amulet)
HPRegen  0.12/turn              (no ring)
MPRegen  0.10/turn              (no ring)

@: brilliant, very slow
A: large, fangs 1, horns 1, see invisible, deformed body, poison resistance,
slowness 2, spit poison 2, sturdy frame 1, AC +1
a: Breathe Poison Gas, Breathe Poison Gas


You were on level 2 of the Dungeon.
You visited 1 branch of the dungeon, and saw 2 of its levels.

You collected 71 gold pieces.

Inventory:

Missiles
 d - 23 bolts
 n - 7 atropa-tipped darts
Armour
 a - a +0 robe (worn)
Jewellery
 g - an amulet of guardian spirit {unknown}
 j - a ring of protection from cold {unknown}
Scrolls
 b - 2 scrolls of identify {unknown}
 h - a scroll of fear {unknown}
 i - a scroll of amnesia {unknown}
 m - a scroll of immolation {unknown}
 o - a scroll of enchant weapon {unknown}
Potions
 l - a potion of lignification {unknown}


   Skills:
 - Level 1.5 Dodging
 - Level 3.0 Stealth
 - Level 2.0 Spellcasting
 + Level 2.9 Conjurations
 + Level 4.2 Air Magic


You had 3 spell levels left.
You knew the following spells:

 Your Spells              Type           Power        Failure   Level
a - Shock                 Conj/Air       68%          5%          1
b - Static Discharge      Conj/Air       17%          16%         3

Your spell library contained the following spells:

 Spells                   Type           Power        Failure   Level
 Swiftness                Air            19%          6%          2
 Airstrike                Air            9%           38%         4
 Lightning Bolt           Conj/Air       8%           83%         5


Dungeon Overview and Level Annotations

Branches:
Dungeon (2/15)

Altars:


Innate Abilities, Weirdness & Mutations

You cannot wear boots.
Your serpentine skin is tough. (AC +1)
You have supernaturally acute eyesight. (SInv)
Armour fits poorly on your strangely shaped body.
Your system is resistant to poisons. (rPois)
You cover ground very slowly.
You can exhale a cloud of poison.
You have very sharp teeth.
You have a pair of small horns on your head.
Your movements are slightly less encumbered by armour. (ER -2)


Message History

Terence looks more healthy.
Terence hits you with a +0 mace.
* * * LOW HITPOINT WARNING * * *
You take 6 damage, and have 8/36 hp.
Aiming: Shock (safe; 6% risk of failure)
Press: ? - help, Q - select action, (/) - cycle Shift-Dir - straight line, f/p - Terence
Aim: Terence, wielding a +0 mace and wearing a +0 scale mail (almost dead, 28% to evade)
The zap hits Terence.
You kill Terence!
The zap hits the adder.
The adder is severely wounded.
The zap misses the bat.
You feel your intelligence returning.
You now have 6/7 mp.
Aiming: Shock (safe; 5% risk of failure)
Press: ? - help, Q - select action, (/) - cycle Shift-Dir - straight line, f - adder
Aim: an adder (severely wounded, 52% to evade)
The zap misses the adder.
The zap hits the bat.
The bat is moderately wounded.
The adder bites you.
* * * LOW HITPOINT WARNING * * *
The adder bites you.
* * * LOW HITPOINT WARNING * * *
You take 3 damage, and have 5/36 hp.
You now have 5/7 mp.
Aiming: Shock (safe; 5% risk of failure)
Press: ? - help, Q - select action, (/) - cycle Shift-Dir - straight line, f/p - adder
Aim: an adder (severely wounded, 52% to evade)
The zap misses the adder.
The zap misses the bat.
You have got your breath back.
The adder bites you.
* * * LOW HITPOINT WARNING * * *
You take 3 damage, and have 2/36 hp.
You now have 4/7 mp.
It was a potion of brilliance.
You feel clever all of a sudden. The adder barely misses you.
It was a potion of mutation.
You feel extremely strange.
There is a nasty taste in your mouth for a moment.
You feel less encumbered by your armour.
A pair of horns grows on your head!
Your teeth lengthen and sharpen.
The adder bites you.
You die...

###.....####
#.......#
#..###.#.# .
####...#
#......#
#.###.##
##.# #.#
#..# #.#
#@## .. #S#
.# #b# ..
#)# .. #..#
.....
........
#.....†...
#.......>.#


You could see an adder and a bat.

Vanquished Creatures
  Terence (D:2)
  A worm (D:2)
  7 dart slugs
  3 leopard geckos (D:1)
  A giant cockroach (D:1)
  8 hobgoblins
  5 bats
  4 frilled lizards
  3 goblins
  3 kobolds
  5 rats
41 creatures vanquished.

Notes
Turn   | Place    | Note
-------+----------+-------------------------------------------
     0 | D:1      | jasper the Naga Air Elementalist began the quest for the
                  | Orb.
     0 | D:1      | Reached XP level 1. HP: 15/15 MP: 3/3
   333 | D:1      | Reached XP level 2. HP: 22/22 MP: 3/5
   841 | D:1      | Reached XP level 3. HP: 28/28 MP: 2/6
   845 | D:1      | Learned a level 3 spell: Static Discharge
  2191 | D:2      | Reached XP level 4. HP: 36/36 MP: 5/7
  2192 | D:2      | Noticed Terence
  2198 | D:2      | Reached skill level 4 in Air Magic
  2211 | D:2      | Killed Terence
  2215 | D:2      | Gained mutation: You can exhale a cloud of poison. [potion
                  | of mutation]
  2215 | D:2      | Gained mutation: Your movements are slightly less
                  | encumbered by armour. (ER -2) [potion of mutation]
  2215 | D:2      | Gained mutation: You have a pair of small horns on your
                  | head. [potion of mutation]
  2215 | D:2      | Gained mutation: You have very sharp teeth. [potion of
                  | mutation]
  2215 | D:2      | Slain by an adder

Illustrated notes

Levels and vault maps discovered:
D:1:      saegor_arrival_simple_a, layout_loops_corners, roderic_lattice_a,
          minivault_4, st_stairs_9, minmay_split_cup_large
D:2:      layout_rooms, minmay_snake_closets, uniq_terence

Skill      XL: |  1  2  3  4 |
---------------+-------------+-----
Conjurations   | 2 |  2.9
Air Magic      | 4 |  4.2
Dodging        | |  1.5
Stealth        | |  3.0
Spellcasting   | |  2.0

Action                   |  1- 3 |  4- 6 || total
-------------------------+-------+-------++-------
Melee: Unarmed           |    10 |     5 ||    15
 Cast: Shock             |    75 |     9 ||    84
 Abil: Spit Poison       |    12 |     4 ||    16
  Use: Potion            |       |     4 ||     4
Armor: Robe              |     6 |     1 ||     7
Dodge: Dodged            |    11 |     8 ||    19

Table legend: (Time is in decaauts)
 A = Elapsed time spent in this place.
 B = Non-inter-level travel time spent in this place.
 C = Inter-level travel time spent in this place.
 D = Time resting spent in this place.
 E = Time spent auto-exploring this place.
 F = Levels seen in this place.
 G = Mean time per level.
                   A        B        C        D        E       F      G
               +--------+--------+--------+--------+--------+-----+--------+
         Total |   2652 |   2620 |     32 |    284 |   2102 |   2 | 1326.0 |
       Dungeon |   2652 |   2620 |     32 |    284 |   2102 |   2 | 1326.0 |
               +--------+--------+--------+--------+--------+-----+--------+

Top non-repeatable levels by time:
     D:1: 2361 daAuts
     D:2: 290 daAuts
